 Dungeon Sprint DCSS version 0.16-a0-2921-g3a24241 (webtiles) character file.

19863 BluebellGnoll the Swashbuckler (level 12, -16/62 HPs)
             Began as a Spriggan Berserker on Dec 2, 2014.
             Was the Champion of Trog.
             Killed from afar by a lich (38 damage)
             ... with a bolt of lightning
             ... in the Dungeon (Sprint IX: "|||||||||||||||||||||||||||||").
             The game lasted 00:31:25 (2683 turns).

BluebellGnoll the Swashbuckler (Spriggan Berserker) Turns: 2683, Time: 00:31:27

Health: -16/62     AC: 19    Str: 13    XL:     12   Next: 40%
Magic:  21/21      EV: 19    Int: 10    God:    Trog [******]
Gold:   549        SH:  0    Dex: 19    Spells: 0 memorised, 11 levels left

rFire  . . .     SeeInvis +     F - +9 rapier of Pynkehext {pierce, rN+}
rCold  + . .     Clarity  .     T - +2 shadow dragon armour
rNeg   + . .     SustAb   .     (shield restricted)
rPois  +         Gourm    .     C - +2 hat
rElec  .         Spirit   .     a - +0 cloak
rCorr  .         Warding  .     (gloves unavailable)
rMut   .         NoTele   +     (boots unavailable)
MR     ++++.                    (no amulet)
Stlth  +++++++++.               P - ring of protection from cold
                                Q - ring of poison resistance

@: regenerating, drained, very quick, incredibly resistant to hostile
enchantments, incredibly stealthy
A: unfitting armour, see invisible, herbivore 3, speed 3, slow metabolism 2
a: Burn Spellbooks, Berserk, Trog's Hand, Brothers in Arms, Renounce Religion


You were in the Dungeon.
You worshipped Trog.
Trog was exalted by your worship.
You were completely stuffed.

You visited 1 branch You collected 1909 gold pieces.
You spent 1360 gold pieces at shops.

Inventory:

Hand weapons
 m - a +2 rapier of draining
 p - the +4 morningstar of Indomitability {flame, MR+}
   (Trog gifted it to you in the Dungeon)

   It emits flame when wielded, causing extra injury to most foes and up to
   double damage against particularly susceptible opponents.
   It affects your resistance to hostile enchantments.
 v - a +1 antimagic short sword
 x - a +4 shortbow of evasion
 E - a +3 rapier of venom
 F - the +9 rapier of Pynkehext (weapon) {pierce, rN+}
   (Trog gifted it to you in the Dungeon)

   It inflicts extra damage upon your enemies.
   It protects you from negative energy.
 G - a +1 short sword of holy wrath
 H - a +4 quick blade
 S - a +1 shortbow of flaming
Missiles
 f - 13 tomahawks of returning
 n - 11 arrows
 w - 6 silver tomahawks
 y - 4 tomahawks (quivered)
Armour
 a - a +0 cloak (worn)
 b - a +0 animal skin
 C - a +2 hat (worn)
 T - a +2 shadow dragon armour (worn)
 U - a +0 ice dragon armour
 V - a +1 fire dragon armour
Jewellery
 N - an uncursed ring of protection from fire
 P - a ring of protection from cold (right hand)
 Q - a ring of poison resistance (left hand)
 R - an uncursed ring of protection from magic
Magical devices
 l - a wand of draining (6)
Scrolls
 i - 2 scrolls of blinking
 k - 4 scrolls of remove curse
 s - a scroll of fog
 t - 4 scrolls of identify
 u - 4 scrolls of enchant armour
 X - a scroll of fear
Potions
 d - 12 potions of curing
 e - 13 potions of heal wounds
 g - 4 potions of magic
 h - 2 potions of berserk rage
 j - 3 potions of invisibility
 q - 5 potions of might
 r - a potion of brilliance
 K - a potion of lignification
 M - 3 potions of agility
 O - a potion of cure mutation
 W - 2 potions of haste
Comestibles
 c - 17 bread rations
 z - 28 fruits


   Skills:
 - Level 6.8(6.6) Fighting
 - Level 20.5(20.2) Short Blades
 - Level 8.1(7.9) Throwing
 + Level 10.2(10.0) Armour
 - Level 20.3(20.1) Dodging
 - Level 17.4(17.2) Stealth


You had 11 spell levels left.
You didn't know any spells.

Dungeon Overview and Level Annotations

Branches:
Dungeon (1/1)

Altars:
Cheibriados
Dithmenos
Elyvilon
Fedhas
Gozag
Kikubaaqudgha
Makhleb
Nemelex Xobeh
Okawaru
Qazlal
Ru
Sif Muna
Trog
Vehumet
Xom
Yredelemnul
Zin
The Shining One
Beogh
Jiyva
Lugonu

Shops:
D %!*!


Innate Abilities, Weirdness & Mutations

You are tiny and cannot use many weapons and most armour.
You have supernaturally acute eyesight.
You are a herbivore.
You cover ground extremely quickly.
You need consume almost no food.


Message History

You hit the lich.
The lich is moderately damaged.
Use which ability? (? or * to list)
Your hill giant goes berserk!
You feel somewhat less full. The lich misses you.
You impale the lich!!
The lich is heavily damaged.
The lich touches you! You partially resist.
You feel drained.
You puncture the lich!
The lich is severely damaged.
You hit the lich.
The lich is severely damaged.
The lich touches you but does no damage.
You swap places.
Your hill giant closely misses the lich.
The lich gestures at you while chanting.
The bolt of lightning hits your hill giant.
The bolt of lightning hits you!
Ouch! That really hurt!
You die...

▓....'..[[[[.%')[.(........'....
▓.▓▓▓▓▓▓▓▓▓▓▓▓▓▓▓▓▓▓▓▓▓▓▓▓▓▓▓▓▓▓
▓...............................
▓▓▓▓▓▓▓▓▓▓▓▓▓▓▓▓▓▓▓▓▓▓▓▓▓▓▓▓▓▓▓▓
▓.........'.....∩.∩.∩.∩....)')))
▓.▓▓▓▓▓▓▓▓▓▓▓▓▓▓▓▓▓▓▓▓▓▓▓▓▓▓▓▓▓▓
▓...............................
▓▓▓▓▓▓▓▓▓▓▓▓▓▓▓▓▓▓▓▓▓▓▓▓▓▓▓▓▓▓▓▓
*,,,,,,,,,+.TLC@......)))......)
*,********▓▓▓▓▓▓▓▓▓▓▓▓▓▓▓▓▓▓▓▓▓▓
*,,,,,,,,,,,,,,,,,,,,,,,,,,,,,,,
********************************
*,,,,,,,,,,,,+,,,,,,,,,+,,,,,,,,
*,******************************
*,,,,,,,,,,,,,,,,,,,,,,,,,,,,,,,
********************************
*,,,,,,,,,+,,,,,,,,,,,,,,,,,,,,,


You could see a lich (invisible), a deep troll earth mage and a friendly hill
giant (berserk).

Vanquished Creatures
  A frost giant (D)
  Gastronok (D)
  A centaur warrior (D)
  8 ogre magi (D)
  A deep troll earth mage (D)
  An orc high priest (D)
  2 deep trolls (D)
  2 orc knights (D)
  3 hill giants (D)
  An elephant (D)
  Psyche (D)
  A fire drake (D)
  2 komodo dragons (D)
  4 trolls (D)
  A two-headed ogre (D)
  A slime creature (D)
  A basilisk (D)
  2 yaks (D)
  2 wolves (D)
  A steam dragon (D)
  3 wargs (D)
  2 hippogriffs (D)
  2 water moccasins (D)
  A porcupine (D)
  A mottled dragon (shapeshifter) (D)
  3 hell hounds (D)
  8 orc warriors (D)
  A crocodile (D)
  A scorpion (D)
  2 hounds (D)
  6 orc wizards (D)
  4 orc priests (D)
  An iguana (D)
  A river rat (D)
  2 adders (D)
  A gnoll (D)
  5 orcs (D)
  2 bat skeletons (D)
  A bat zombie (D)
  A goblin (D)
  A hobgoblin (D)
  2 kobolds (D)
  A quokka (D)
  2 bats (D)
  2 rats (D)
93 creatures vanquished.

Vanquished Creatures (collateral kills)
  A hydra (D)
  A deep troll earth mage (D)
  A gargoyle (D)
  A basilisk (D)
  A porcupine (D)
  A hound (D)
  An orc (D)
  A quokka (D)
8 creatures vanquished.

Vanquished Creatures (others)
  A hill giant (D)
  A troll (D)
  2 two-headed ogres (D)
  An ogre (D)
  A fungus (D)
  2 plants (D)
8 creatures vanquished.

Grand Total: 109 creatures vanquished

Notes
Turn   | Place    | Note
--------------------------------------------------------------
     0 | D        | BluebellGnoll, the Spriggan Berserker, began the quest for the Orb.
     0 | D        | Reached XP level 1. HP: 11/11 MP: 2/2
     6 | D        | Reached skill level 4 in Dodging
    10 | D        | Acquired Trog's second power
    10 | D        | Reached skill level 5 in Dodging
    16 | D        | Reached skill level 6 in Dodging
   282 | D        | Noticed an iguana
   285 | D        | Reached skill level 1 in Stealth
   294 | D        | Killed an iguana
   294 | D        | Reached skill level 7 in Stealth
   294 | D        | Reached XP level 2. HP: 16/16 MP: 4/4
   294 | D        | Reached XP level 3. HP: 19/19 MP: 6/6
   296 | D        | Acquired Trog's third power
   296 | D        | Reached skill level 8 in Stealth
   303 | D        | Received a gift from Trog
   312 | D        | Found a glowing silver altar of Zin.
   312 | D        | Found a glowing golden altar of the Shining One.
   312 | D        | Found an ancient bone altar of Kikubaaqudgha.
   312 | D        | Found a basalt altar of Yredelemnul.
   312 | D        | Found a shimmering altar of Xom.
   312 | D        | Found a radiant altar of Vehumet.
   312 | D        | Found an iron altar of Okawaru.
   313 | D        | Found a burning altar of Makhleb.
   314 | D        | Found a deep blue altar of Sif Muna.
   315 | D        | Found a bloodstained altar of Trog.
   316 | D        | Found a sparkling altar of Nemelex Xobeh.
   317 | D        | Found a white marble altar of Elyvilon.
   318 | D        | Found a roughly hewn altar of Beogh.
   319 | D        | Found a viscous altar of Jiyva.
   320 | D        | Found a corrupted altar of Lugonu.
   321 | D        | Found a blossoming altar of Fedhas.
   322 | D        | Found a snail-covered altar of Cheibriados.
   323 | D        | Found a shadowy altar of Dithmenos.
   324 | D        | Found a stormy altar of Qazlal.
   325 | D        | Found an opulent altar of Gozag.
   326 | D        | Found a sacrificial altar of Ru.
   377 | D        | Noticed a hippogriff
   377 | D        | Noticed a scorpion
   377 | D        | Noticed an orc warrior
   377 | D        | Noticed a steam dragon
   388 | D        | Killed a steam dragon
   388 | D        | Reached skill level 10 in Dodging
   388 | D        | Reached XP level 4. HP: 13/23 MP: 8/8
   388 | D        | Reached XP level 5. HP: 15/27 MP: 10/10
   415 | D        | Killed an orc warrior
   415 | D        | Reached skill level 12 in Dodging
   426 | D        | Killed a scorpion
   426 | D        | Reached skill level 13 in Dodging
   426 | D        | Reached XP level 6. HP: 15/32 MP: 12/12
   478 | D        | Killed a hippogriff
   478 | D        | Received a gift from Trog
   478 | D        | Reached skill level 14 in Dodging
   479 | D        | Got a crystal morningstar {god gift}
   521 | D        | Identified the +4 morningstar of Indomitability {flame, MR+} (Trog gifted it to you in the Dungeon)
   524 | D        | Noticed a two-headed ogre
   524 | D        | Noticed a hound
   524 | D        | Noticed a gargoyle
   524 | D        | Noticed a five-headed hydra
   540 | D        | Killed a six-headed hydra
   540 | D        | Reached skill level 16 in Dodging
   540 | D        | Reached XP level 7. HP: 35/35 MP: 14/14
   542 | D        | Killed a gargoyle
   542 | D        | Reached skill level 17 in Dodging
   547 | D        | Killed a hound
   559 | D        | Killed a two-headed ogre
   559 | D        | Reached XP level 8. HP: 39/39 MP: 16/16
   687 | D        | Noticed a basilisk
   687 | D        | Noticed a yak
   687 | D        | Noticed a hound
   687 | D        | Noticed a yak
   688 | D        | Noticed a porcupine
   689 | D        | Killed a yak
   689 | D        | Reached skill level 10 in Short Blades
   690 | D        | Noticed a hippogriff
   699 | D        | Killed a hound
   713 | D        | Killed a yak
   718 | D        | Killed a basilisk
   723 | D        | Killed a porcupine
   747 | D        | Killed a hippogriff
   747 | D        | Reached skill level 5 in Fighting
   752 | D        | Noticed a fire drake
   752 | D        | Noticed a water moccasin
   752 | D        | Noticed a crocodile
   752 | D        | Noticed a komodo dragon
   752 | D        | Noticed a hound
   752 | D        | Noticed an elephant
   765 | D        | Killed an elephant
   773 | D        | Killed a hound
   796 | D        | Killed a komodo dragon
   796 | D        | Reached XP level 9. HP: 45/48 MP: 18/18
   803 | D        | Killed a crocodile
   803 | D        | Received a gift from Trog
   817 | D        | Killed a water moccasin
   828 | D        | Killed a fire drake
   839 | D        | Received a gift from Trog
   853 | D        | Noticed a porcupine
   854 | D        | Noticed a water moccasin
   864 | D        | Killed a porcupine
   871 | D        | Killed a water moccasin
   880 | D        | Noticed a hell hound
   880 | D        | Noticed a warg
   880 | D        | Noticed a warg
   880 | D        | Noticed a wolf
   881 | D        | Noticed a warg
   890 | D        | Killed a wolf
   890 | D        | Received a gift from Trog
   894 | D        | Noticed a hell hound
   900 | D        | Noticed a hell hound
   905 | D        | Noticed a wolf
   906 | D        | Killed a hell hound
   906 | D        | Reached skill level 15 in Stealth
   913 | D        | Killed a warg
   913 | D        | Received a gift from Trog
   923 | D        | Killed a hell hound
   934 | D        | Killed a hell hound
   934 | D        | Reached skill level 18 in Dodging
   944 | D        | Killed a warg
   950 | D        | Killed a warg
   952 | D        | Killed a wolf
   954 | D        | Received a gift from Trog
  1009 | D        | Noticed Gastronok
  1013 | D        | Noticed Psyche
  1033 | D        | Killed Gastronok
  1033 | D        | Reached skill level 20 in Dodging
  1033 | D        | Reached XP level 10. HP: 42/53 MP: 19/19
  1037 | D        | Killed Psyche
  1037 | D        | Received a gift from Trog
  1152 | D        | Noticed an orc priest
  1152 | D        | Noticed an orc priest
  1152 | D        | Noticed an orc wizard
  1152 | D        | Noticed an orc wizard
  1152 | D        | Noticed an orc warrior
  1152 | D        | Noticed an orc priest
  1155 | D        | Killed an orc priest
  1156 | D        | Noticed an orc wizard
  1161 | D        | Killed an orc warrior
  1162 | D        | Noticed an orc wizard
  1168 | D        | Killed an orc wizard
  1172 | D        | Killed an orc wizard
  1176 | D        | Killed an orc priest
  1179 | D        | Killed an orc priest
  1185 | D        | Killed an orc wizard
  1188 | D        | Received a gift from Trog
  1189 | D        | Noticed an orc priest
  1200 | D        | Killed an orc wizard
  1209 | D        | Killed an orc priest
  1241 | D        | Received a gift from Trog
  1260 | D        | Noticed an orc knight
  1260 | D        | Noticed an orc warrior
  1260 | D        | Noticed an orc warrior
  1260 | D        | Noticed an orc warrior
  1260 | D        | Noticed an orc wizard
  1260 | D        | Noticed an orc warrior
  1260 | D        | Noticed an orc warrior
  1261 | D        | Noticed an orc wizard
  1262 | D        | Killed an orc warrior
  1266 | D        | Killed an orc wizard
  1267 | D        | Noticed an orc knight
  1284 | D        | Killed an orc warrior
  1285 | D        | Noticed an orc warrior
  1295 | D        | Killed an orc warrior
  1295 | D        | Received a gift from Trog
  1385 | D        | Killed an orc knight
  1405 | D        | Killed an orc knight
  1420 | D        | Killed an orc warrior
  1425 | D        | Received a gift from Trog
  1455 | D        | Killed an orc warrior
  1507 | D        | Killed an orc warrior
  1518 | D        | Noticed an orc high priest
  1539 | D        | Killed an orc wizard
  1539 | D        | Received a gift from Trog
  1540 | D        | Got a bloodstained rapier {god gift}
  1546 | D        | Identified the +9 rapier of Pynkehext {pierce, rN+} (Trog gifted it to you in the Dungeon)
  1577 | D        | Killed an orc high priest
  1577 | D        | Reached skill level 15 in Short Blades
  1612 | D        | Found Pluig's Distillery.
  1612 | D        | Noticed a troll
  1612 | D        | Noticed a deep troll
  1612 | D        | Noticed an ogre mage
  1612 | D        | Noticed a hill giant
  1612 | D        | Noticed a deep troll
  1612 | D        | Noticed an ogre mage
  1613 | D        | Found Keakis' Assorted Antiques.
  1614 | D        | Killed an ogre mage
  1614 | D        | Reached XP level 11. HP: 58/58 MP: 20/20
  1615 | D        | Noticed an ogre mage
  1619 | D        | Noticed a troll
  1660 | D        | Killed a deep troll
  1681 | D        | Killed a hill giant
  1691 | D        | Killed an ogre mage
  1709 | D        | Killed a deep troll
  1709 | D        | Received a gift from Trog
  1730 | D        | Killed a troll
  1742 | D        | Killed an ogre mage
  1776 | D        | Killed a troll
  1781 | D        | Received a gift from Trog
  1804 | D        | Found Vemuqiodu's Distillery.
  1808 | D        | Found Wyakiz's Food Shop.
  1810 | D        | Noticed a troll
  1811 | D        | Noticed a hill giant
  1812 | D        | Noticed an ogre mage
  1813 | D        | Noticed a hill giant
  1814 | D        | Noticed an ogre mage
  1828 | D        | Killed an ogre mage
  1850 | D        | Killed a troll
  1866 | D        | Killed a hill giant
  1873 | D        | Killed a hill giant
  1881 | D        | Killed an ogre mage
  1881 | D        | Received a gift from Trog
  1928 | D        | Bought a potion of poison for 10 gold pieces
  1928 | D        | Bought a potion of degeneration for 10 gold pieces
  1928 | D        | Bought 2 potions of curing for 60 gold pieces
  1928 | D        | Bought a potion of heal wounds for 50 gold pieces
  1928 | D        | Bought a potion of lignification for 30 gold pieces
  1928 | D        | Bought a potion of mutation for 25 gold pieces
  1928 | D        | Bought 2 potions of agility for 80 gold pieces
  1928 | D        | Bought a potion of might for 40 gold pieces
  1931 | D        | Bought a scroll labeled RETHAOR LEATUPANOP for 24 gold pieces
  1934 | D        | Bought a potion of invisibility for 88 gold pieces
  1934 | D        | Bought a potion of curing for 33 gold pieces
  1934 | D        | Bought a potion of heal wounds for 55 gold pieces
  1934 | D        | Bought a potion of invisibility for 88 gold pieces
  1934 | D        | Bought a potion of curing for 33 gold pieces
  1934 | D        | Bought a potion of agility for 44 gold pieces
  1937 | D        | Bought a bread ration for 50 gold pieces
  1937 | D        | Bought a bread ration for 50 gold pieces
  1937 | D        | Bought a bread ration for 50 gold pieces
  1937 | D        | Bought a bread ration for 50 gold pieces
  1937 | D        | Bought 3 fruits for 45 gold pieces
  1940 | D        | Bought a potion of cure mutation for 385 gold pieces
  1945 | D        | Bought a potion of curing for 30 gold pieces
  1945 | D        | Bought a potion of curing for 30 gold pieces
  2343 | D        | Noticed a basilisk
  2343 | D        | Noticed a black bear
  2343 | D        | Noticed an ogre mage
  2343 | D        | Noticed an ogre mage
  2343 | D        | Noticed a centaur warrior
  2343 | D        | Noticed a troll
  2344 | D        | Noticed a komodo dragon
  2345 | D        | Killed a troll
  2347 | D        | Noticed a deep troll earth mage
  2352 | D        | Noticed a slime creature
  2354 | D        | Killed a centaur warrior
  2356 | D        | Noticed an ogre mage
  2357 | D        | a black bear changed into a mottled dragon
  2361 | D        | Killed an ogre mage
  2361 | D        | Received a gift from Trog
  2361 | D        | Reached skill level 5 in Armour
  2361 | D        | Reached XP level 12. HP: 62/62 MP: 21/21
  2367 | D        | Noticed a deep troll earth mage
  2368 | D        | Killed an ogre mage
  2369 | D        | Noticed a frost giant
  2381 | D        | Killed a komodo dragon
  2387 | D        | Killed a basilisk
  2387 | D        | Received a gift from Trog
  2417 | D        | Killed a deep troll earth mage
  2426 | D        | Killed an ogre mage
  2434 | D        | Killed a slime creature
  2489 | D        | Killed a deep troll earth mage
  2489 | D        | Received a gift from Trog
  2509 | D        | Killed a frost giant
  2509 | D        | Reached skill level 10 in Armour
  2546 | D        | Received a gift from Trog
  2567 | D        | Noticed a lich
  2667 | D        | Noticed a deep troll earth mage
  2683 | D        | Killed from afar by a lich

Action                   |  1- 3 |  4- 6 |  7- 9 | 10-12 || total
-------------------------+-------+-------+-------+-------++-------
Melee: Short sword       |    23 |       |       |     1 ||    24
       Rapier            |    10 |    49 |   181 |   382 ||   622
Throw: Tomahawk          |       |       |       |    10 ||    10
Invok: Berserk           |     1 |       |     1 |       ||     2
       Brothers in Arms  |       |     3 |     1 |     2 ||     6
       Trog's Hand       |       |     2 |     5 |    13 ||    20
Evoke: Wand              |       |       |       |     1 ||     1
  Use: Potion            |     1 |       |       |       ||     1
       Scroll            |       |       |       |     1 ||     1
 Stab: Sleeping          |       |       |     3 |     4 ||     7
  Eat: Fruit             |       |       |    10 |     5 ||    15
